% Time on Ice - SACRAMENTO BANDITS
Lines # - Real PCT - Wanted PCT - Time Play
Normal Forward
1 - 33% - 34% - 15:42
2 - 33% - 34% - 15:47
3 - 26% - 22% - 12:17
4 - 9% - 10% - 4:20
Normal Defense
1 - 39% - 40% - 18:55
2 - 37% - 35% - 17:58
3 - 23% - 25% - 11:13
4 - 0% - 0% - 0:00
PP Forward
1 - 46% - 55% - 2:45
2 - 54% - 45% - 3:12
PP Defense
1 - 46% - 57% - 2:45
2 - 54% - 43% - 3:12
PK Forward
1 - 53% - 55% - 2:07
2 - 47% - 45% - 1:51
PK Defense
1 - 30% - 55% - 1:11
2 - 70% - 45% - 2:47
PK3 Forward
1 - 0% - 55%
2 - 0% - 45%
PK3 Defense
1 - 0% - 55%
2 - 0% - 45%
44 Forward
1 - 55% - 55% - 1:06
2 - 45% - 45% - 0:53
44 Defense
1 - 40% - 55% - 0:48
2 - 60% - 45% - 1:11
Last Minute Offensive  - 0:00
Last Minute Defensive  - 0:00
Total
Forward - 60:00
Defense - 60:00
% Time on Ice - SAN DIEGO THUNDER
Lines # - Real PCT - Wanted PCT - Time Play
Normal Forward
1 - 34% - 36% - 16:19
2 - 35% - 34% - 16:51
3 - 22% - 25% - 10:37
4 - 9% - 5% - 4:19
Normal Defense
1 - 32% - 34% - 15:32
2 - 36% - 32% - 17:06
3 - 28% - 24% - 13:34
4 - 4% - 10% - 1:54
PP Forward
1 - 68% - 55% - 2:42
2 - 32% - 45% - 1:16
PP Defense
1 - 68% - 55% - 2:42
2 - 32% - 45% - 1:16
PK Forward
1 - 60% - 55% - 3:35
2 - 40% - 45% - 2:22
PK Defense
1 - 50% - 55% - 3:00
2 - 50% - 45% - 2:57
PK3 Forward
1 - 0% - 55%
2 - 0% - 45%
PK3 Defense
1 - 0% - 55%
2 - 0% - 45%
44 Forward
1 - 61% - 55% - 1:13
2 - 39% - 45% - 0:46
44 Defense
1 - 39% - 55% - 0:46
2 - 61% - 45% - 1:13
Last Minute Offensive  - 0:00
Last Minute Defensive  - 0:00
Total
Forward - 60:00
Defense - 60:00
Play-by-Play 1st period 0:01 of 1st period - Claude Giroux wins face-off versus Nikita Kucherov in neutral zone. 0:06 of 1st period - Shot by Jonathan Huberdeau. 0:06 of 1st period - Shot Blocked by Charles McAvoy. 0:26 of 1st period - Shot by Jonathan Huberdeau. 0:26 of 1st period - Stopped by Connor Hellebuyck with a rebound. 0:38 of 1st period - Evander Kane is hit by Claude Giroux and loses puck. 1:26 of 1st period - Patrik Nemeth is hit by Jamie Benn. 2:18 of 1st period - Shot by Clayton Keller. 2:18 of 1st period - Shot Blocked by Patrik Nemeth. 2:20 of 1st period - Shot by Jordan Martinook. 2:20 of 1st period - Stopped by Connor Hellebuyck without a rebound. 2:21 of 1st period - Scott Laughton wins face-off versus Mikael Granlund in SAN DIEGO THUNDER zone. 3:42 of 1st period - Off-side. 3:43 of 1st period - Claude Giroux wins face-off versus Dominik Kahun in neutral zone. 4:03 of 1st period - Shot by Claude Giroux. 4:03 of 1st period - Shot Misses the Net. 4:05 of 1st period - Shot by Aaron Ekblad. 4:05 of 1st period - Shot Misses the Net. 4:27 of 1st period - Shot by Jonathan Huberdeau. 4:27 of 1st period - Shot Misses the Net. 4:29 of 1st period - Shot by Mattias Ekholm. 4:29 of 1st period - Shot Blocked by Matt Benning. 4:47 of 1st period - Shot by Jamie Benn. 4:47 of 1st period - Stopped by Connor Hellebuyck without a rebound. 4:48 of 1st period - David Perron wins face-off versus Jujhar Khaira in SAN DIEGO THUNDER zone. 5:01 of 1st period - Shot by Mikael Granlund. 5:01 of 1st period - Stopped by Andrei Vasilevskiy without a rebound. 5:02 of 1st period - Aleksander Barkov wins face-off versus Mikael Granlund in SACRAMENTO BANDITS zone. 5:37 of 1st period - Shot by David Perron. 5:37 of 1st period - Shot Misses the Net. 5:39 of 1st period - Shot by Radko Gudas. 5:39 of 1st period - Shot Misses the Net. 6:11 of 1st period - Shot by Evander Kane. 6:11 of 1st period - Deflect By Bo Horvat. 6:11 of 1st period - Stopped by Andrei Vasilevskiy with a rebound. 6:13 of 1st period - Shot by Nikita Kucherov. 6:13 of 1st period - Stopped by Andrei Vasilevskiy without a rebound. 6:14 of 1st period - Claude Giroux wins face-off versus Jean-Gabriel Pageau in SACRAMENTO BANDITS zone. 6:43 of 1st period - Shot by Claude Giroux. 6:43 of 1st period - Shot Blocked by Josh Manson. 7:25 of 1st period - Clayton Keller is hit by Josh Manson and loses puck. 7:45 of 1st period - Icing by Aaron Ekblad. 7:46 of 1st period - Mikael Granlund wins face-off versus Jordan Martinook in SACRAMENTO BANDITS zone. 7:58 of 1st period - Clayton Keller is hit by Radko Gudas and loses puck. 8:02 of 1st period - Jordan Martinook is hit by Radko Gudas and loses puck. 8:17 of 1st period - Shot by David Perron. 8:17 of 1st period - Shot Misses the Net. 8:19 of 1st period - Shot by Radko Gudas. 8:19 of 1st period - Shot Misses the Net. 8:30 of 1st period - David Perron is hit by Kevin Connauton and loses puck. 8:49 of 1st period - Shot by Jamie Benn. 8:49 of 1st period - Stopped by Connor Hellebuyck with a rebound. 9:02 of 1st period - Charles McAvoy is hit by Ivan Provorov. 9:05 of 1st period - Icing by Ivan Provorov. 9:06 of 1st period - Claude Giroux wins face-off versus Bo Horvat in SACRAMENTO BANDITS zone. 9:29 of 1st period - Shot by Evander Kane. 9:29 of 1st period - Shot Misses the Net. 10:04 of 1st period - David Perron is hit by Jonathan Huberdeau and loses puck. 10:20 of 1st period - Off-side. 10:21 of 1st period - Dominik Kahun wins face-off versus Aleksander Barkov in neutral zone. 10:58 of 1st period - Shot by Aleksander Barkov. 10:58 of 1st period - Stopped by Connor Hellebuyck without a rebound. 10:59 of 1st period - Bo Horvat wins face-off versus Jordan Martinook in SAN DIEGO THUNDER zone. 11:06 of 1st period - Shot by Bo Horvat. 11:06 of 1st period - Stopped by Andrei Vasilevskiy with a rebound. 11:08 of 1st period - Shot by Bo Horvat. 11:08 of 1st period - Stopped by Andrei Vasilevskiy without a rebound. 11:09 of 1st period - Scott Laughton wins face-off versus Mikael Granlund in SACRAMENTO BANDITS zone. 11:20 of 1st period - Shot by Antoine Roussel. 11:20 of 1st period - Shot Misses the Net. 12:20 of 1st period - Shot by Bo Horvat. 12:20 of 1st period - Shot Blocked by Mattias Ekholm. 12:25 of 1st period - Icing by Mattias Ekholm. 12:26 of 1st period - Jean-Gabriel Pageau wins face-off versus Jordan Martinook in SACRAMENTO BANDITS zone. 12:32 of 1st period - Minor Penalty to Aaron Ekblad for Interference. 12:33 of 1st period - Bo Horvat wins face-off versus Scott Laughton in SACRAMENTO BANDITS zone. 12:46 of 1st period - Mattias Ekholm is hit by Evander Kane and loses puck. 13:28 of 1st period - Shot by David Perron. 13:28 of 1st period - Shot Misses the Net. 13:34 of 1st period - Shot by Mikael Granlund. 13:34 of 1st period - Shot Misses the Net. 13:36 of 1st period - Shot by Connor Murphy. 13:36 of 1st period - Shot Misses the Net. 13:38 of 1st period - Shot by Mikael Granlund. 13:38 of 1st period - Stopped by Andrei Vasilevskiy without a rebound. 13:39 of 1st period - Mikael Granlund wins face-off versus Aleksander Barkov in SACRAMENTO BANDITS zone. 13:44 of 1st period - Shot by Mikael Granlund. 13:44 of 1st period - Shot Blocked by Ivan Provorov. 13:46 of 1st period - Shot by Patrik Nemeth. 13:46 of 1st period - Stopped by Andrei Vasilevskiy with a rebound. 13:48 of 1st period - Shot by Patrik Nemeth. 13:48 of 1st period - Stopped by Andrei Vasilevskiy without a rebound. 13:49 of 1st period - Aleksander Barkov wins face-off versus Bo Horvat in SACRAMENTO BANDITS zone. 15:25 of 1st period - Shot by Clayton Keller. 15:25 of 1st period - Stopped by Connor Hellebuyck without a rebound. 15:26 of 1st period - Aleksander Barkov wins face-off versus Mikael Granlund in SAN DIEGO THUNDER zone. 15:37 of 1st period - Shot by Jamie Benn. 15:37 of 1st period - Stopped by Connor Hellebuyck without a rebound. 15:38 of 1st period - Jordan Martinook wins face-off versus Bo Horvat in SAN DIEGO THUNDER zone. 16:38 of 1st period - Icing by Kevin Connauton. 16:39 of 1st period - Aleksander Barkov wins face-off versus Mikael Granlund in SACRAMENTO BANDITS zone. 16:50 of 1st period - Shot by Jamie Benn. 16:50 of 1st period - Deflect By Aleksander Barkov. 16:50 of 1st period - Shot Misses the Net. 16:52 of 1st period - Shot by Jamie Benn. 16:52 of 1st period - Stopped by Connor Hellebuyck without a rebound. 16:53 of 1st period - Claude Giroux wins face-off versus Jean-Gabriel Pageau in SAN DIEGO THUNDER zone. 16:58 of 1st period - Shot by Claude Giroux. 16:58 of 1st period - Shot Misses the Net. 17:23 of 1st period - Jean-Gabriel Pageau is hit by Jonathan Huberdeau and loses puck. 17:39 of 1st period - Shot by Claude Giroux. 17:39 of 1st period - Shot Blocked by Josh Manson. 18:27 of 1st period - Shot by Nikolaj Ehlers. 18:27 of 1st period - Goal by Nikolaj Ehlers - SACRAMENTO BANDITS : 1 - SAN DIEGO THUNDER : 0. 18:28 of 1st period - Bo Horvat wins face-off versus Jordan Martinook in neutral zone. 19:23 of 1st period - Shot by Jonathan Huberdeau. 19:23 of 1st period - Shot Misses the Net. Goals for this period are 1 for SACRAMENTO BANDITS vs 0 for SAN DIEGO THUNDER. Shots for this period are 9 for SACRAMENTO BANDITS vs 8 for SAN DIEGO THUNDER. 2nd period 0:01 of 2nd period - Aleksander Barkov wins face-off versus Mikael Granlund in neutral zone. 0:11 of 2nd period - Shot by David Perron. 0:11 of 2nd period - Stopped by Andrei Vasilevskiy with a rebound. 0:46 of 2nd period - Josh Anderson is hit by Aaron Ekblad and loses puck. 1:26 of 2nd period - Bo Horvat is hit by Aaron Ekblad and loses puck. 1:48 of 2nd period - Jamie Benn is hit by Josh Manson and loses puck. 2:17 of 2nd period - Ivan Provorov is hit by Jean-Gabriel Pageau and loses puck. 2:41 of 2nd period - Shot by Jakub Voracek. 2:41 of 2nd period - Deflect By Jonathan Huberdeau. 2:41 of 2nd period - Shot Misses the Net. 2:43 of 2nd period - Shot by Claude Giroux. 2:43 of 2nd period - Deflect By Jonathan Huberdeau. 2:43 of 2nd period - Stopped by Connor Hellebuyck with a rebound. 2:45 of 2nd period - Shot by Claude Giroux. 2:45 of 2nd period - Stopped by Connor Hellebuyck without a rebound. 2:46 of 2nd period - Jordan Martinook wins face-off versus Josh Anderson in SAN DIEGO THUNDER zone. 2:49 of 2nd period - Shot by Clayton Keller. 2:49 of 2nd period - Stopped by Connor Hellebuyck without a rebound. 2:50 of 2nd period - Jordan Martinook wins face-off versus Mikael Granlund in SAN DIEGO THUNDER zone. 4:11 of 2nd period - Shot by John Carlson. 4:11 of 2nd period - Shot Misses the Net. 4:27 of 2nd period - Shot by Claude Giroux. 4:27 of 2nd period - Shot Blocked by Radko Gudas. 4:29 of 2nd period - Shot by Claude Giroux. 4:29 of 2nd period - Shot Blocked by Nikita Kucherov. 4:31 of 2nd period - Shot by Claude Giroux. 4:31 of 2nd period - Stopped by Connor Hellebuyck without a rebound. 4:32 of 2nd period - Scott Laughton wins face-off versus Jean-Gabriel Pageau in SAN DIEGO THUNDER zone. 4:57 of 2nd period - Shot by Pierre-Edouard Bellemare. 4:57 of 2nd period - Stopped by Andrei Vasilevskiy without a rebound. 4:58 of 2nd period - Aleksander Barkov wins face-off versus David Perron in SACRAMENTO BANDITS zone. 4:58 of 2nd period - Aleksander Barkov is hit by Josh Anderson. 5:01 of 2nd period - Icing by John Carlson. 5:02 of 2nd period - Aleksander Barkov wins face-off versus Mikael Granlund in SACRAMENTO BANDITS zone. 5:02 of 2nd period - Aleksander Barkov is hit by Josh Anderson. 5:03 of 2nd period - Minor Penalty to Josh Anderson for Hooking. 5:04 of 2nd period - Aleksander Barkov wins face-off versus Jean-Gabriel Pageau in SAN DIEGO THUNDER zone. 6:17 of 2nd period - Shot by Jonathan Huberdeau. 6:17 of 2nd period - Shot Misses the Net. 6:19 of 2nd period - Shot by Aaron Ekblad. 6:19 of 2nd period - Stopped by Connor Hellebuyck with a rebound. 6:23 of 2nd period - Shot by Claude Giroux. 6:23 of 2nd period - Shot Misses the Net. 6:25 of 2nd period - Shot by Aaron Ekblad. 6:25 of 2nd period - Shot Blocked by Charles McAvoy. 6:27 of 2nd period - Shot by Claude Giroux. 6:27 of 2nd period - Deflect By Jakub Voracek. 6:27 of 2nd period